 Dungeon Crawl Stone Soup version 0.24-a0-275-g6f7e2cb (webtiles) character file.

Game seed: 8202467009493912722

22225 erloom the Transmogrifier (level 12, 0/121 HPs)
             Began as a Purple Draconian Transmuter on Apr 27, 2019.
             Was the Champion of Okawaru.
             Slain by an eight-headed hydra (2 damage)
             ... on level 3 of the Lair of Beasts.
             The game lasted 01:11:28 (18625 turns).

erloom the Transmogrifier (DrTm)                   Turns: 18625, Time: 01:11:29

Health: 0/121      AC:  7    Str: 13    XL:     12   Next: 61%
Magic:  23/26      EV: 17    Int: 19    God:    Okawaru [******]
Gold:   373        SH:  0    Dex: 11    Spells: 11/32 levels left

rFire    x . .     SeeInvis .     - Unarmed
rCold    + + +     Gourm    .   (shield currently unavailable)
rNeg     . . .     Faith    .   (armour unavailable)
rPois    +         Spirit   .   (helmet currently unavailable)
rElec    .         Reflect  .   (cloak currently unavailable)
rCorr    +         Harm     .   (gloves currently unavailable)
MR       +....                  (boots currently unavailable)
Stlth    +++.......             C - amulet of the Devil's Advocate {+Rage rC+}
HPRegen  0.30/turn              h - +3 ring of evasion
MPRegen  0.20/turn              G - ring of resist corrosion

@: ice-form, heroism, invisible
A: large, (breathe power), unfitting armour, AC +8
a: End Transformation, Heroism, Finesse, Renounce Religion, Evoke Berserk Rage


You were on level 3 of the Lair of Beasts.
You worshipped Okawaru.
Okawaru was exalted by your worship.
You were not hungry.
You were a creature of crystalline ice.
You visited 2 branches of the dungeon, and saw 14 of its levels.
You also visited: Ossuary, Gauntlet and Ice Cave.

You collected 1438 gold pieces.
You spent 1065 gold pieces at shops.

Inventory:

Hand Weapons
 o - a +0 war axe
 u - a +2 flail of crushing
 A - the +8 mace "Grum" {crush, rElec Str-2 Stlth+, unknown}
   (You found it on level 6 of the Dungeon)

   It inflicts extra damage upon your enemies.
   It affects your strength (-2).
   It insulates you from electricity.
   It makes you more stealthy.
 O - the +9 hunting sling "Funuc" {venom, Int+3, unknown}
   (You found it in a Gauntlet)

   It poisons the ammo it fires.
   It affects your intelligence (+3).
Missiles
 a - 328 arrows
 p - 28 tomahawks (quivered)
 Q - 16 javelins of penetration
Armour
 l - a scarf of repulsion
 J - a +2 cloak of poison resistance (melded)
 R - a +1 buckler of fire resistance (melded)
Magical Staves
 S - an uncursed staff of energy {unknown}
Jewellery
 f - the ring of Waozyti {EV+1 Int+5}
   (You found it in a Gauntlet)

   [ring of evasion]

   It affects your evasion (+1).
   It affects your intelligence (+5).
 h - a +3 ring of evasion (left front paw)
 t - an uncursed ring of magical power
 C - the amulet of the Devil's Advocate (around neck) {+Rage rC+}
   (You acquired it on level 1 of the Lair of Beasts)

   [amulet of rage]

   It protects you from cold.
   It lets you go berserk.
 G - a ring of resist corrosion (right front paw)
 H - an uncursed amulet of magic regeneration
 M - an uncursed ring of ice
 X - an uncursed amulet of regeneration {unknown}
Wands
 j - a wand of flame (39)
 w - a wand of scattershot (5)
 x - a wand of random effects (33)
 B - a wand of disintegration (11)
 D - a wand of enslavement (14)
 V - a wand of acid (11)
Scrolls
 d - 14 scrolls of remove curse
 g - 12 scrolls of teleportation
 m - 3 scrolls of magic mapping
 n - 3 scrolls of immolation
 q - 3 scrolls of identify
 y - a scroll of fear
 z - a scroll of fog
 K - a scroll of brand weapon
 P - a scroll of enchant weapon
 U - a scroll of enchant armour
Potions
 b - 3 potions of mutation
 e - 4 potions of lignification
 i - 5 potions of might
 k - a potion of brilliance
 s - 2 potions of cancellation
 v - 5 potions of ambrosia
 E - a potion of agility
 F - 3 potions of flight
 I - 3 potions of curing
 N - a potion of haste
Miscellaneous
 L - a box of beasts
Comestibles
 c - 30 rations
 W - 6 chunks of flesh


   Skills:
 - Level 8.0(13.0) Fighting
 - Level 5.0(10.0) Dodging
 + Level 2.6(7.6) Shields
 - Level 5.1(10.1) Unarmed Combat
 + Level 10.5 Spellcasting
 - Level 12.0 Transmutations
 - Level 5.0 Ice Magic
 + Level 8.7 Earth Magic
 - Level 2.1 Poison Magic
 + Level 3.6 Invocations


You had 11 spell levels left.
You knew the following spells:

 Your Spells              Type           Power        Failure   Level  Hunger
a - Beastly Appendage     Tmut           ######       1%          1    None
b - Sticks to Snakes      Tmut           ######..     1%          2    None
c - Spider Form           Tmut/Pois      #####.....   1%          3    None
d - Ice Form              Ice/Tmut       #####...     1%          4    ##.....
e - Blade Hands           Tmut           ######....   1%          5    ####...
f - Statue Form           Tmut/Erth      #####....    16%         6    ######.

Your spell library contained the following spells:

 Spells                   Type           Power        Failure   Level  Hunger
 Ensorcelled Hibernation  Hex/Ice        ###...       3%          2    None
 Infusion                 Chrm           #...         7%          1    None
 Ozocubu's Armour         Chrm/Ice       ###.....     8%          3    None
 Hydra Form               Tmut           ######....   8%          6    ######.
 Shroud of Golubria       Chrm/Tloc      #.........   11%         2    None
 Song of Slaying          Chrm           #.......     11%         2    None
 Leda's Liquefaction      Hex/Erth       ####......   12%         4    ##.....
 Irradiate                Conj/Tmut      ####......   16%         5    ####...
 Regeneration             Chrm/Necr      #.........   22%         3    None
 Spectral Weapon          Hex/Chrm       #.......     22%         3    None
 Summon Guardian Golem    Hex/Summ       #.......     22%         3    None
 Dragon Form              Tmut           ######....   38%         7    #######
 Cause Fear               Hex            #.........   56%         4    ##.....
 Metabolic Englaciation   Hex/Ice        ###.......   56%         5    ####...
 Iskenderun's Battlesphe  Conj/Chrm      #.......     89%         5    ####...
 Deflect Missiles         Chrm/Air       #.........   100%        6    ######.
 Discord                  Hex            #.........   100%        8    #######


Dungeon Overview and Level Annotations

Branches:
Dungeon (11/15)            Temple (0/1) D:7            Lair (3/6) D:11
    Orc (0/2) D:11
  Swamp: Lair:2-4    Shoals: Lair:2-4     Snake: Lair:2-4    Spider: Lair:2-4

Altars:
Ashenzari
Cheibriados
Gozag
Hepliaklqana
Kikubaaqudgha
Makhleb
Okawaru
Sif Muna
Uskayaw
Wu Jian
Yredelemnul
Beogh
Jiyva

Shops:
D:4 *   D:7 %   D:8 :*(   D:10 *:(=

Annotations:
D:7 2 transporters
D:8 3 runed translucent doors, Laiders72's ghost, novice MiBe


Innate Abilities, Weirdness & Mutations

((You can breathe bolts of dispelling energy.))
((Your rich purple scales are hard. (AC +8)))
You cannot fit into any form of body armour.
((You are cold-blooded and may be slowed by cold attacks.))


Message History

Okay, then.
You feel much better. The eight-headed hydra misses you.
The eight-headed hydra bites you.
* * * LOW HITPOINT WARNING * * *
The eight-headed hydra bites you but does no damage.
The eight-headed hydra bites you.
* * * LOW HITPOINT WARNING * * *
The eight-headed hydra barely misses you.
The eight-headed hydra misses you. The eight-headed hydra bites you!
* * * LOW HITPOINT WARNING * * *
The eight-headed hydra bites you.
* * * LOW HITPOINT WARNING * * *
You fade into invisibility!
The eight-headed hydra misses you.
The eight-headed hydra barely misses you.
The eight-headed hydra completely misses you.
The eight-headed hydra closely misses you.
The eight-headed hydra barely misses you.
The eight-headed hydra bites you.
You die...

.
#..##.........##.###.#
# .
#.###................#
####.#.#......P..#...P#
.#.#.###.#.......#...##
.......#........##..##
.............####....#
..............#.#...##
................#D...#
................Y...##
.............#....P##
P...........#..##P##
............##..###
............##..#
.......##...##.P#
......###....#..#####
............#.........
......................


You could see an eight-headed hydra.

Vanquished Creatures
  An entropy weaver (Gauntlet)
  A minotaur (Gauntlet)
  A hydra (Lair:1)
  Erica (D:10)
  A two-headed ogre (D:11)
  The ghost of Phong the Grappler, a novice TrGl (D:6)
  A wolf spider (Gauntlet)
  A centaur zombie (D:10)
  4 spiny frogs
  A gargoyle (D:10)
  A kobold demonologist (D:11)
  4 komodo dragons (Lair:3)
  An efreet (Gauntlet)
  4 trolls
  3 hippogriffs
  A wraith (D:11)
  A redback (Gauntlet)
  A shadow (D:11)
  A steam dragon (D:8)
  3 fire elementals (Gauntlet)
  25 yaks
  Edmund (D:4)
  Menkaure (D:5)
  3 water moccasins
  7 porcupines
  3 hell hounds
  4 orc warriors
  3 sky beasts (D:8)
  10 ice beasts
  A necrophage (D:9)
  A black bear (D:10)
  4 phantoms
  3 ogres
  12 centaurs
  5 crocodiles
  3 big kobolds
  6 bullfrogs
  3 scorpions
  5 wights (D:11)
  5 howler monkeys
  2 jellies (D:7)
  2 bullfrog zombies
  A quasit (D:11)
  Crazy Yiuf (D:6)
  7 orc priests
  2 hounds
  2 bullfrog skeletons
  12 orc wizards
  2 centaur skeletons
  4 iguanas (Lair:3)
  6 worker ants
  A big kobold zombie (Ossuary)
  A hound skeleton (D:5)
  8 mummies (Ossuary)
  5 gnolls
  2 howler monkey skeletons
  11 adders
  A white imp (IceCv)
  5 ufetubi
  An adder zombie (D:6)
  A worm (D:5)
  A dart slug (D:1)
  3 leopard geckos
  57 orcs
  2 giant cockroaches
  7 goblins
  13 hobgoblins
  10 jackals
  12 kobolds
  2 quokkas
  2 ball python zombies (D:5)
  8 bats
  4 frilled lizards
  4 hobgoblin zombies (Ossuary)
  3 orc zombies (Ossuary)
  A quokka skeleton (D:8)
  A quokka zombie (D:8)
  6 rats
351 creatures vanquished.

Vanquished Creatures (collateral kills)
  An orc warrior (D:6)
  A sky beast (D:6)
  A worker ant (D:4)
  An orc (D:3)
4 creatures vanquished.

Vanquished Creatures (others)
  An orc wizard (D:8)
  A worker ant (D:5)
  A hound zombie (D:5)
  A white imp (IceCv)
  2 ufetubi (IceCv)
  An adder skeleton (D:5)
  7 fungi (D:11)
  13 plants (D:11)
27 creatures vanquished.

Grand Total: 382 creatures vanquished

Notes
Turn   | Place    | Note
-------+----------+-------------------------------------------
     0 | D:1      | erloom the Draconian Transmuter began the quest for the
                  | Orb.
     0 | D:1      | Reached XP level 1. HP: 16/16 MP: 3/3
   161 | D:1      | Reached XP level 2. HP: 18/23 MP: 5/5
   950 | D:1      | Learned a level 2 spell: Sticks to Snakes
   962 | D:2      | Reached XP level 3. HP: 24/28 MP: 3/6
  1697 | D:2      | Reached XP level 4. HP: 35/35 MP: 5/8
  1714 | D:2      | Reached skill level 3 in Transmutations
  1903 | D:2      | Found an iron altar of Okawaru.
  1911 | D:2      | Became a worshipper of Warmaster Okawaru
  1937 | D:3      | Learned a level 3 spell: Spider Form
  2540 | D:3      | Found a basalt altar of Yredelemnul.
  2764 | D:3      | Found an ornate altar of the Wu Jian Council.
  2883 | D:3      | Reached XP level 5. HP: 36/40 MP: 6/9
  2899 | D:4      | Reached skill level 4 in Transmutations
  3008 | D:4      | Reached skill level 1 in Poison Magic
  3287 | D:4      | Reached XP level 6. HP: 23/47 MP: 10/10
  3992 | D:4      | Found Hawyp's General Store.
  4185 | D:4      | Noticed Edmund
  4223 | D:4      | Killed Edmund
  4223 | D:4      | Reached skill level 5 in Transmutations
  4456 | D:4      | Found a deep blue altar of Sif Muna.
  4801 | D:5      | Entered Level 5 of the Dungeon
  5134 | D:5      | Found a burning altar of Makhleb.
  5134 | D:5      | Noticed a cacodemon
  5156 | D:5      | Reached * piety under Okawaru
  5156 | D:5      | Your scales start taking on a rich purple colour.
  5156 | D:5      | Reached XP level 7. HP: 47/52 MP: 13/13
  5341 | D:5      | Reached skill level 6 in Transmutations
  5341 | D:5      | Reached skill level 1 in Invocations
  5351 | D:5      | Learned a level 4 spell: Ice Form
  5572 | D:5      | Found a shattered altar of Ashenzari.
  5576 | D:5      | Noticed Menkaure
  5590 | D:5      | Killed Menkaure
  5590 | D:5      | Reached skill level 1 in Ice Magic
  6253 | D:6      | Found an ancient bone altar of Kikubaaqudgha.
  6269 | D:6      | Found a snail-covered altar of Cheibriados.
  6360 | D:6      | Reached skill level 5 in Spellcasting
  6751 | D:6      | Got a scorched mace
  6825 | D:6      | Noticed Phong's ghost (novice TrGl)
  6825 | D:6      | Identified the +6 spear of Moaf {pain, rC+ Dex+2 SInv}
  6826 | D:6      | Found a runed translucent gate.
  6826 | D:6      | Found a runed translucent gate.
  6826 | D:6      | Found a runed translucent gate.
  6827 | D:6      | Found a roughly hewn altar of Beogh.
  6868 | D:6      | Reached XP level 8. HP: 30/59 MP: 16/16
  6872 | D:6      | Reached ** piety under Okawaru
  7162 | D:6      | Found a runed translucent door.
  7163 | D:6      | Noticed Crazy Yiuf
  7282 | D:6      | Killed Crazy Yiuf
  7559 | D:7      | Found a hide-covered altar of Uskayaw.
  7559 | D:7      | Noticed a +0 hand axe
  7560 | D:7      | Noticed a +0 dagger
  7608 | D:6      | Reached skill level 7 in Transmutations
  7923 | D:7      | Learned a level 5 spell: Blade Hands
  7978 | D:7      | Found Sifinyoq's Food Shop.
  8437 | D:7      | Found a transporter.
  8441 | D:7      | Noticed a kobold demonologist
  8442 | D:7      | Noticed a kobold demonologist
  8460 | D:7      | Found a transporter.
  8489 | D:7      | Found a staircase to the Ecumenical Temple.
  8573 | D:7      | Found an opulent altar of Gozag.
  9168 | D:8      | Reached skill level 8 in Transmutations
  9209 | D:8      | Reached XP level 9. HP: 57/64 MP: 19/19
  9223 | D:8      | Found a runed translucent gate.
  9226 | D:8      | Found a runed translucent gate.
  9227 | D:8      | Found a runed translucent gate.
  9249 | D:8      | Found a sand-covered staircase.
  9255 | Ossuary  | Entered an ossuary
  9713 | D:8      | Noticed a troll
  9735 | D:8      | Killed a troll
  9735 | D:8      | Reached *** piety under Okawaru
  9758 | D:8      | Found Ryluopui's Weapon Shoppe.
  9995 | D:8      | Reached skill level 5 in Ice Magic
 10019 | D:8      | Found Dosoifom's General Store.
 10043 | D:8      | Paralysed by something for 5 turns
 10058 | D:8      | Reached skill level 9 in Transmutations
 10398 | D:8      | Bought a potion of heal wounds for 80 gold pieces
 10398 | D:8      | Bought a potion of heal wounds for 80 gold pieces
 10398 | D:8      | Bought a scroll of identify for 32 gold pieces
 10398 | D:8      | Bought a scroll of teleportation for 48 gold pieces
 10619 | D:8      | Found Xadyczuf's Book Emporium.
 10715 | D:8      | Noticed Laiders72's ghost (novice MiBe)
 10717 | D:8      | Found a viscous altar of Jiyva.
 10747 | D:9      | Found a hazy altar of Hepliaklqana.
 11382 | D:10     | Entered Level 10 of the Dungeon
 11535 | D:10     | Found Soschusu's Jewellery Boutique.
 11540 | D:10     | Found Wimubb's Antique Weapon Emporium.
 11643 | D:10     | Noticed a gargoyle
 11650 | D:10     | Killed a gargoyle
 11650 | D:10     | Reached **** piety under Okawaru
 11650 | D:10     | Reached skill level 10 in Transmutations
 11736 | D:10     | Noticed Erica
 11746 | D:10     | Killed Erica
 11746 | D:10     | Reached XP level 10. HP: 73/74 MP: 23/23
 11778 | D:10     | Reached ***** piety under Okawaru
 11778 | D:10     | Reached skill level 5 in Unarmed Combat
 12031 | D:10     | Found Luxod's Book Shop.
 12047 | D:10     | Found Ynoihel's Assorted Antiques.
 12188 | D:10     | Reached skill level 5 in Fighting
 12437 | D:10     | Reached skill level 5 in Dodging
 12539 | D:11     | Received a gift from Okawaru
 12570 | D:11     | Found a staircase to the Orcish Mines.
 12948 | D:11     | Found a staircase to the Lair.
 12974 | D:11     | Reached XP level 11. HP: 71/91 MP: 24/24
 13569 | D:8      | Bought a book of Transfigurations for 825 gold pieces
 13577 | D:8      | Learned a level 6 spell: Statue Form
 13847 | D:11     | Reached skill level 1 in Earth Magic
 14140 | D:11     | Reached ****** piety under Okawaru
 14230 | D:11     | Noticed a two-headed ogre
 14235 | D:11     | Killed a two-headed ogre
 14235 | D:11     | Reached skill level 10 in Spellcasting
 14235 | D:11     | Reached skill level 11 in Transmutations
 14475 | D:6      | Killed Phong's ghost
 14475 | D:6      | Received a gift from Okawaru
 14817 | Lair:1   | Entered Level 1 of the Lair of Beasts
 14876 | Lair:1   | Found a dark tunnel.
 14976 | Lair:1   | Found a frozen archway.
 14982 | IceCv    | Entered an ice cave
 15347 | Lair:1   | Identified a scroll of acquirement
 15791 | Lair:1   | Noticed an eight-headed hydra
 15802 | Lair:1   | Killed an eight-headed hydra
 15802 | Lair:1   | Reached skill level 12 in Transmutations
 16237 | Lair:1   | Reached skill level 5 in Earth Magic
 16237 | Lair:1   | Reached XP level 12. HP: 72/101 MP: 26/26
 16399 | Lair:1   | Got a steaming brass amulet
 16400 | Lair:1   | Identified the amulet of the Devil's Advocate {+Rage rC+}
                  | (You acquired it on level 1 of the Lair of Beasts)
 16451 | Lair:2   | Received a gift from Okawaru
 16482 | Lair:2   | Found a gate leading to a gauntlet.
 16492 | Gauntlet | Entered a Gauntlet
 16492 | Gauntlet | Found a transporter.
 16559 | Gauntlet | Noticed an entropy weaver
 16570 | Gauntlet | Killed an entropy weaver
 16856 | Gauntlet | Found a transporter.
 16857 | Gauntlet | Found a transporter.
 16861 | Gauntlet | Got a scorched golden ring
 16863 | Gauntlet | Identified the ring of Waozyti {EV+1 Int+5} (You found it
                  | in a Gauntlet)
 16877 | Gauntlet | Found a transporter.
 16894 | Gauntlet | Got a crude hunting sling
 16912 | Gauntlet | Noticed a minotaur
 16930 | Gauntlet | Killed a minotaur
 16935 | Gauntlet | Identified the Collected Works on Bewitchment
 16938 | Gauntlet | Identified the Reference Book on Aid
 17385 | Lair:1   | Reached skill level 1 in Shields
 18340 | Lair:3   | Received a gift from Okawaru
 18341 | Lair:3   | Found the +3 sling "Punk" {acid, rCorr}
 18559 | Lair:3   | Noticed an eight-headed hydra
 18623 | Lair:3   | HP: 3/121 [eight-headed hydra (6)]
 18624 | Lair:3   | HP: 1/121 [eight-headed hydra (1)]
 18625 | Lair:3   | Slain by an eight-headed hydra

Levels and vault maps discovered:
D:1:      dpeg_arrival_triangle_fractal, layout_rooms, st_stairs_5
D:2:      layout_loops_ring, okawaru_altar_gauntlet_db, bh_chokoban
D:3:      layout_loops_corners, lemuel_coloured_pillars_altar,
          yredelemnul_altar_generic, first_ration, kennysheep_doodads
D:4:      layout_basic, kennysheep_mini, serial_shops, shop, uniq_edmund
D:5:      layout_basic, overflow_temple_1_default, makhleb_altar_promises_db,
          minmay_misc_feat_nine_boxes, lemuel_flame_loot_1, uniq_menkaure
D:6:      layout_basic, overflow_temple_1_default, overflow_temple_1_default,
          biasface_ghost_orc_armoury, kennysheep_generic_room_16,
          uniq_crazy_yiuf_cottage
D:7:      gammafunk_wand_slinger, layout_gridville, overflow_temple_1_default,
          dancing_weapons_uskayaw, temple_hall, serial_shops, shop
D:8:      layout_loops_ring, nicolae_ossuary_entry_plus, gammafunk_ghost_ooze,
          serial_shops, shop_statue, shop, shop
D:9:      layout_loops_ring, lemuel_round_altar
D:10:     layout_irregular_city, serial_shops, shop, shop,
          nicolae_shop_waterfront, nicolae_shop_window_shopping, uniq_erica
D:11:     layout_roguey, minmay_lair_entry_grove, hiddenorc2_lemuel
Lair:1:   layout_roguey, portal_ice_cave_entry_ice_beasts, enter_volcano_3,
          grunt_megastairs_4, lemuel_fruit_tree, serial_bayou_shore_b,
          lemuel_fruit_fields
Lair:2:   layout_loops_ring, gauntlet_entry_generic, serial_bayou_shore_a
Lair:3:   beast_lair_carwin_large_3, layout_gridlike, grunt_megastairs_3

Skill      XL: |  1  2  3  4  5  6  7  8  9 10 11 12 |
---------------+-------------------------------------+-----
Transmutations | 3 4 5 6 8 10 12 | 12.0
Spellcasting   | 3 4 5 7 9 10 | 10.5
Unarmed Combat | 4 5 |  5.1
Poison Magic   | 1 2 |  2.1
Dodging        | 2 5 |  5.0
Invocations    | 1 2 3 |  3.6
Ice Magic      | 2 4 5 |  5.0
Fighting       | 2 6 8 |  8.0
Earth Magic    | 5 8 |  8.7
Shields        | 2 |  2.6

Action                   |  1- 3 |  4- 6 |  7- 9 | 10-12 || total
-------------------------+-------+-------+-------+-------++-------
Melee: Unarmed           |   137 |   198 |   613 |   550 ||  1498
       Tailslap          |    10 |    17 |    51 |    46 ||   124
       Kick              |     4 |     4 |    16 |       ||    24
       Punch             |     1 |     3 |     7 |     8 ||    19
       Headbutt          |     1 |    10 |    19 |       ||    30
Throw: Tomahawk          |       |     6 |     3 |       ||     9
 Cast: Beastly Appendage |     6 |    12 |    25 |       ||    43
       Sticks to Snakes  |     1 |     8 |     6 |       ||    15
       Spider Form       |       |     1 |     1 |       ||     2
       Blade Hands       |       |       |    11 |    46 ||    57
       Ice Form          |       |       |     2 |     2 ||     4
Invok: Heroism           |       |       |     4 |     9 ||    13
 Abil: End Transformatio |       |     1 |       |     1 ||     2
Evoke: Wand              |       |       |     9 |     4 ||    13
  Use: Scroll            |       |    11 |    10 |    12 ||    33
       Potion            |       |     3 |     1 |     8 ||    12
 Stab: Sleeping          |     1 |       |       |       ||     1
  Eat: Chunk             |     3 |     7 |    15 |    20 ||    45
       Ration            |       |     1 |     3 |     4 ||     8
Armor: Skin              |    46 |    45 |   136 |   114 ||   341
Dodge: Dodged            |   118 |   134 |   371 |   513 ||  1136
Block: Buckler           |       |       |       |     3 ||     3

Table legend:
 A = Non-vault XP
 B = Vault XP
 C = Vault XP percentage of total XP
 D = Non-vault monster count
 E = Vault monster count
 F = Vault count percentage of total count
                 A         B        C        D         E       F
            +---------+---------+-------+---------+---------+-------
      Total |   19376 |   12375 |  39.0 |     236 |     119 |  33.5
            +---------+---------+-------+---------+---------+-------
        D:1 |      32 |       5 |  13.5 |      18 |       3 |  14.3
        D:2 |      42 |      37 |  46.8 |      14 |       6 |  30.0
        D:3 |      85 |       0 |   0.0 |      12 |       0 |   0.0
        D:4 |     323 |      93 |  22.4 |      16 |       1 |   5.9
        D:5 |     337 |     165 |  32.9 |      10 |       1 |   9.1
        D:6 |     540 |    1030 |  65.6 |      20 |      10 |  33.3
        D:7 |     733 |       0 |   0.0 |      20 |       0 |   0.0
        D:8 |    1794 |       0 |   0.0 |      26 |       0 |   0.0
        D:9 |     177 |       0 |   0.0 |       5 |       0 |   0.0
       D:10 |    3532 |     929 |  20.8 |      30 |       1 |   3.2
       D:11 |    4610 |    2131 |  31.6 |      35 |      45 |  56.2
     Lair:1 |    3967 |    1719 |  30.2 |      14 |      16 |  53.3
     Lair:2 |    2370 |       0 |   0.0 |      13 |       0 |   0.0
     Lair:3 |     834 |    1574 |  65.4 |       3 |       8 |  72.7
    Ossuary |       0 |     176 | 100.0 |       0 |      16 | 100.0
      IceCv |       0 |      21 | 100.0 |       0 |       3 | 100.0
   Gauntlet |       0 |    4495 | 100.0 |       0 |       9 | 100.0
            +---------+---------+-------+---------+---------+-------
